 Dungeon Crawl Stone Soup version 0.31-a0-845-g9abc20d24f (webtiles) character file.

Game seed: 16910876924596832697

2786 Xavori the Covert (level 9, -9/67 HPs)
             Began as an Octopode Chaos Knight on Oct 2, 2023.
             Was a Plaything of Xom.
             Mangled by a two-headed ogre
             ... wielding a +0 giant club
              (14 damage)
             ... on level 7 of the Dungeon.
             The game lasted 00:08:58 (9734 turns).

Xavori the Covert (Octopode Chaos Knight)           Turns: 9734, Time: 00:08:59

Health: -9/67      AC:  3    Str: 10    XL:     9   Next: 70%
Magic:  17/17      EV: 12    Int: 18    God:    Xom [...*..]
Gold:   73         SH: 10    Dex: 15    Spells: 8/8 levels left

rFire   . . .        h - +3 dagger (flame)
rCold   + . .        C - +2 kite shield {reflect}
rNeg    + . .        (helmet restricted)
rPois   .            o - amulet of regeneration
rElec   .            l - ring of magical power
rCorr   .            e - ring of positive energy
SInv    .            (no ring)
Will    .....        (no ring)
Stlth   +++++++      (no ring)
HPRegen 1.11/turn    (no ring)
MPRegen 0.15/turn    (no ring)
                     (no ring)

%: random rage (3%), reflection
@: no status effects
A: almost no armour, amphibious, 8 rings, camouflage 2, gelatinous body 1,
(nimble swimmer 1), tentacles, iridescent scales 1, berserk 1, clever 1, cold
resistance 1, low MP 1, sense surroundings 1, robust 1
a: Renounce Religion


You were on level 7 of the Dungeon.
You worshipped Xom.
You were a favourite toy of Xom.
You visited 1 branch of the dungeon, and saw 8 of its levels.
You also visited: Sewer and Ossuary.

You collected 350 gold pieces.
You spent 277 gold pieces at shops.

Inventory:

Hand Weapons
 a - a +0 short sword of chaos
 h - a +3 dagger of flaming (weapon)
Armour
 C - a +2 kite shield of reflection (worn)
Jewellery
 e - a ring of positive energy (right tentacle)
 l - a ring of magical power (left tentacle)
 o - an amulet of regeneration (around mantle)
Talismans
 z - a talisman of death
Wands
 f - a wand of acid (4)
 A - a wand of charming (14)
Scrolls
 b - 2 scrolls of butterflies
 g - 2 scrolls of enchant weapon
 m - 2 scrolls of blinking
 p - 2 scrolls of teleportation
 s - 3 scrolls of vulnerability
 u - 2 scrolls of brand weapon
 y - a scroll of fog
 D - a scroll of identify
 E - a scroll of revelation {unknown}
Potions
 c - 4 potions of curing
 d - a potion of mutation
 i - a potion of degeneration {unknown}
 j - 2 potions of ambrosia {unknown}
 k - a potion of lignification {unknown}
 n - 2 potions of heal wounds {unknown}
 q - 2 potions of might {unknown}
 r - a potion of resistance {unknown}
 t - 3 potions of enlightenment {unknown}
 v - 3 potions of brilliance {unknown}
 w - a potion of invisibility {unknown}
 x - 4 potions of haste {unknown}


   Skills:
 + Level 5.1 Fighting
 + Level 6.6 Short Blades
 + Level 4.5 Dodging
 + Level 10.9 Stealth
 * Level 5.6 Evocations
 * Level 2.8 Shapeshifting


You had 8 spell levels left.
You didn't know any spells.
Your spell library contained the following spells:

 Spells                   Type           Power      Damage    Failure   Level
 Apportation              Tloc           0%         N/A       77%         1
 Kiss of Death            Conj/Necr      0%         2d5       77%         1
 Magic Dart               Conj           0%         1d3       77%         1
 Ensorcelled Hibernation  Hex/Ice        0%         N/A       88%         2
 Jinxbite                 Hex            0%         N/A       88%         2
 Searing Ray              Conj           0%         2d4       88%         2
 Static Discharge         Conj/Air       0%         2-2/arc   88%         2
 Confusing Touch          Hex            0%         N/A       98%         3
 Airstrike                Air            0%         2d(0-16)  100%        4
 Anguish                  Hex/Necr       0%         N/A       100%        4
 Dispel Undead            Necr           0%         3d6       100%        4
 Fulminant Prism          Conj/Hex       0%         3d5       100%        4
 Summon Lightning Spire   Summ/Air       0%         N/A       100%        4
 Alistair's Intoxication  Tmut/Pois      0%         N/A       100%        5
 Summon Forest            Summ/Tloc      0%         N/A       100%        5
 Eringya's Noxious Bog    Tmut/Pois      0%         4d6       100%        6
 Summon Hydra             Summ           0%         N/A       100%        7


Dungeon Overview and Level Annotations

Branches:
Dungeon (8/15)             Temple (0/1) D:5           Sewer (visited)
Ossuary (visited)
   Lair: D:8-11

Altars:
Fedhas
Hepliaklqana
Makhleb
Qazlal
Trog
Uskayaw
Xom

Shops:
D:7 [

Annotations:
D:5 2 transporters, thriggle's ghost, novice GnWn


Innate Abilities, Weirdness & Mutations

You cannot wear most types of armour.
You are amphibious.
You can wear up to eight rings at the same time.
Your skin blends seamlessly with your surroundings (Stealth++).
Your rubbery body absorbs attacks. (AC +1, EV +1)
((You are camouflaged when in or above water. (Stealth+)))
You have tentacles for arms and can constrict up to eight enemies at once.
You are partially covered in iridescent scales. (AC +2)
You sometimes lose your temper in combat.
Your mind is acute. (Int +4, Str/Dex -1)
Your flesh is cold resistant. (rC+)
Your magical capacity is low. (-10% MP)
You passively map a small area around you.
You are robust. (+10% HP)


Message History

* * * LOW HITPOINT WARNING * * *
You block the kobold's attack.
Unknown command.
As you read the scroll of fear, it crumbles to dust.
You assume a fearsome visage.
The kobold looks frightened! x2
The two-headed ogre looks frightened!
The two-headed ogre gives up.
You feel yourself speed up.
There is a stone staircase leading up here.
You start resting.
A two-headed ogre is nearby!
You climb upwards.
There is a stone staircase leading down here.
You start resting.
HP restored.
You start waiting.
Xom is getting BORED.
You climb downwards.
You block the two-headed ogre's attack. x2
There is a stone staircase leading up here.
You hit the two-headed ogre. You burn the two-headed ogre.
The two-headed ogre is lightly wounded.
The two-headed ogre barely misses you. The two-headed ogre closely misses you.
You barely miss the two-headed ogre.
Your squeeze misses the two-headed ogre.
The two-headed ogre is lightly wounded.
You hit the two-headed ogre. You burn the two-headed ogre.
The two-headed ogre is lightly wounded.
The two-headed ogre hits you with a +0 giant club!!
You block the two-headed ogre's attack.
You hit the two-headed ogre. You burn the two-headed ogre.
The two-headed ogre is moderately wounded.
You hit the two-headed ogre but do no damage.
The two-headed ogre is moderately wounded.
The two-headed ogre hits you with a +0 giant club!! x2
* * * LOW HITPOINT WARNING * * *
You hit the two-headed ogre. You burn the two-headed ogre.
The two-headed ogre is moderately wounded.
The two-headed ogre hits you with a +0 giant club!
You die...
Xom cackles wildly!

......#......#
#####........##
#...#####..#..###
.._.....'..#....#
#...#####..##.#.#########
#####......##.(...#.....##
......)..................##
......#####...............#
##...## #.....@.........#
#.>### #....O..........#
.....# #...............#
..##.# #...............#
.###.# ##.............## O#
#.## ##.....#.....## .#
#..## ###.#########
.####..#### #.#
.....#....#####.#


You could see a two-headed ogre.

Vanquished Creatures
  Sigmund (D:6)
  Eustachio (D:5)
  2 sky beasts
  A black bear (D:5)
  An ogre (D:4)
  A phantom (D:7)
  A kobold brigand (D:8)
  4 bullfrogs
  8 scorpions
  A centaur zombie (Ossuary)
  2 hounds
  5 jellies
  Crazy Yiuf (D:5)
  6 human zombies (Ossuary)
  An orc priest (D:6)
  2 gnoll boudas
  A sleepcap (D:4)
  An orc wizard (D:6)
  6 scorpion zombies (Ossuary)
  2 iguanas
  3 mummies (Ossuary)
  Robin (D:3)
  8 adders
  10 gnolls
  5 river rats
  A white imp (D:7)
  3 worms
  3 dart slugs
  5 orcs
  3 bats
  13 endoplasms
  6 giant cockroaches
  12 goblins
  8 hobgoblins
  3 jackals (D:2)
  2 quokkas
  10 ball pythons
  7 frilled lizards
  A gnoll zombie (Ossuary)
  4 hobgoblin zombies (Ossuary)
  13 kobolds
  A kobold zombie (Ossuary)
  2 orc zombies (Ossuary)
  8 rats
180 creatures vanquished.

Vanquished Creatures (collateral kills)
  An ogre (D:7)
1 creature vanquished.

Grand Total: 181 creatures vanquished

Notes
Turn   | Place    | Note
-------+----------+-------------------------------------------
     0 | D:1      | Xavori the Octopode Chaos Knight began the quest for the
                  | Orb.
     0 | D:1      | Reached XP level 1. HP: 16/16 MP: 1/1
    94 | D:1      | XOM: silly message
   280 | D:1      | Reached XP level 2. HP: 21/21 MP: 2/2
   374 | D:1      | XOM: cloud trail
   403 | D:1      | XOM: divination: detect items
   607 | D:2      | Reached skill level 1 in Stealth
  1365 | D:1      | XOM: silly message
  1368 | D:1      | XOM: silly message
  2207 | D:1      | XOM: divination: detect items
  3066 | D:1      | XOM: god gift: wand of acid (4)
  3126 | D:1      | XOM: draining
  3192 | D:1      | XOM: summons 2 hostile demons
  3546 | D:1      | XOM is BORED!
  3546 | D:1      | XOM: give mutations
  3546 | D:1      | Gained mutation: Your mind is acute. (Int +4, Str/Dex -1)
                  | [Xom's mischief]
  3546 | D:1      | Gained mutation: You occasionally lose the ability to drink
                  | potions when taking damage. [Xom's mischief]
  3546 | D:1      | Gained mutation: Your magical capacity is low. (-10% MP)
                  | [Xom's mischief]
  3546 | D:1      | Gained mutation: You are robust. (+10% HP) [Xom's mischief]
  3826 | D:1      | XOM: give mutation
  3826 | D:1      | Gained mutation: You sometimes lose your temper in combat.
                  | [Xom's mischief]
  4011 | D:1      | XOM: give mutations
  4011 | D:1      | Lost mutation: You occasionally lose the ability to drink
                  | potions when taking damage. [Xom's mischief]
  4011 | D:1      | Gained mutation: Your flesh is cold resistant. (rC+) [Xom's
                  | mischief]
  4011 | D:1      | Lost mutation: You are robust. (+10% HP) [Xom's mischief]
  4326 | D:1      | XOM: give mutations
  4326 | D:1      | Gained mutation: Your skin blends seamlessly with your
                  | surroundings (Stealth++). [Xom's grace]
  4326 | D:1      | Gained mutation: You passively map a small area around you.
                  | [Xom's grace]
  4326 | D:1      | Gained mutation: You are robust. (+10% HP) [Xom's grace]
  4326 | D:1      | Gained mutation: You are partially covered in iridescent
                  | scales. (AC +2) [Xom's grace]
  4359 | D:2      | Reached XP level 3. HP: 26/27 MP: 2/2
  4456 | D:2      | XOM: noise
  4551 | D:2      | XOM: 10-stop teleportation journey
  4617 | D:2      | Reached skill level 2 in Stealth
  4795 | D:2      | XOM: summons 1 hostile demon
  4999 | D:2      | Reached XP level 4. HP: 34/34 MP: 3/3
  5009 | D:2      | XOM: god gift: book of Storms
  5074 | D:3      | XOM: stealth player
  5111 | D:3      | Found a blossoming altar of Fedhas.
  5176 | D:3      | Found a hazy altar of Hepliaklqana.
  5191 | D:3      | Found a burning altar of Makhleb.
  5228 | D:3      | Reached skill level 3 in Stealth
  5228 | D:3      | Noticed Robin
  5234 | D:3      | Killed Robin
  5235 | D:3      | Reached skill level 1 in Evocations
  5514 | D:3      | Found a bloodstained altar of Trog.
  5529 | D:3      | Found a hide-covered altar of Uskayaw.
  5562 | D:3      | XOM: silly message
  5808 | D:4      | Found a glowing drain.
  5812 | D:4      | Reached skill level 4 in Stealth
  5812 | D:4      | Reached XP level 5. HP: 39/39 MP: 4/4
  5823 | Sewer    | Entered a sewer
  5905 | Sewer    | Identified the +7 trident of Ignis {freeze, Contam rN+
                  | Str+3 SInv}
  5914 | Sewer    | Found a viscous altar of Jiyva.
  5963 | Sewer    | XOM: potion effect (heal wounds)
  5965 | Sewer    | Reached skill level 5 in Stealth
  5965 | Sewer    | Reached XP level 6. HP: 46/46 MP: 5/5
  6040 | D:4      | Found a sand-covered staircase.
  6052 | Ossuary  | Entered an ossuary
  6073 | Ossuary  | XOM: confuse monster(s)
  6078 | Ossuary  | Reached skill level 6 in Stealth
  6103 | Ossuary  | Reached XP level 7. HP: 42/51 MP: 6/6
  6155 | Ossuary  | Reached skill level 7 in Stealth
  6192 | Ossuary  | Reached skill level 5 in Short Blades
  6235 | Ossuary  | Reached XP level 8. HP: 59/59 MP: 7/7
  6264 | Ossuary  | Reached skill level 8 in Stealth
  6270 | Ossuary  | XOM: silly message
  6520 | D:4      | Identified the +6 falchion of Cheibriados, Blushing
                  | {distort, +Blink rPois rF+ Str-4}
  6822 | D:4      | XOM: smoke on damage
  6871 | D:4      | XOM: noise
  7306 | D:5      | Entered Level 5 of the Dungeon
  7465 | D:5      | Found a staircase to the Ecumenical Temple.
  7587 | D:5      | Noticed Eustachio
  7597 | D:5      | Killed Eustachio
  7598 | D:5      | Reached skill level 9 in Stealth
  7626 | D:5      | Found a runed translucent door.
  7627 | D:5      | Noticed Crazy Yiuf
  7806 | D:5      | Noticed thriggle's ghost (novice GnWn)
  7811 | D:5      | Found a transporter.
  7859 | D:5      | Found a transporter.
  7897 | D:5      | Reached skill level 1 in Shapeshifting
  8180 | D:5      | Killed Crazy Yiuf
  8348 | D:6      | Reached XP level 9. HP: 64/64 MP: 8/8
  8349 | D:6      | XOM: confuse monster(s)
  8459 | D:6      | Reached skill level 10 in Stealth
  8501 | D:6      | Reached skill level 5 in Evocations
  8636 | D:6      | Noticed Sigmund
  8648 | D:6      | Killed Sigmund
  8833 | D:6      | XOM: god gift: ruby potion {god gift}
  9044 | D:7      | XOM: cast spell 'Summon Hydra'
  9097 | D:7      | Reached skill level 5 in Fighting
  9099 | D:7      | XOM: 4-stop teleportation journey
  9199 | D:7      | Found Zaidal's Armour Emporium.
  9207 | D:7      | Bought a +2 kite shield of reflection for 277 gold pieces
  9297 | D:7      | XOM: enchant monster (bad)
  9499 | D:7      | Found a stormy altar of Qazlal.
  9506 | D:7      | XOM: summons 2 hostile demons
  9581 | D:8      | Noticed a two-headed ogre
  9587 | D:8      | XOM: scenery: create altars
  9734 | D:7      | Mangled by a two-headed ogre

Illustrated notes

Levels and vault maps discovered:
D:1:      dpeg_arrival_lava_temple_mockup, layout_loops_ring, feat_on_display
D:2:      layout_loops_ring
D:3:      layout_rooms, lemuel_round_altar, mainiacjoe_overflow_24_doors,
          mainiacjoe_overflow_six_doors_small, old_standard_altar,
          lemuel_crystal_altar, uniq_robin
D:4:      layout_basic, portal_sewer_entry_e, enter_ossuary_1,
          hangedman_decor_peaks_small
D:5:      layout_loops_corners, minmay_temple_entry_junction,
          gammafunk_ghost_arena, uniq_crazy_yiuf_cottage, uniq_eustachio
D:6:      layout_cave_pools, serial_column_ruins, column_ruins_columns_straight,
          column_ruins_corridor_straight, column_ruins_open_tiny_water,
          column_ruins_grid_1, column_ruins_columns_corner, column_ruins_grid_4,
          sigmund_army
D:7:      layout_rooms, mainiacjoe_overflow_surrounded_room, serial_shops, shop
D:8:      layout_cave_pools, serial_column_ruins, column_ruins_columns_straight,
          column_ruins_corridor_dead_end, column_ruins_grid_1,
          column_ruins_corridor_corner, column_ruins_open_tiny,
          column_ruins_corridor_dead_end

Skill      XL: |  1  2  3  4  5  6  7  8  9 |
---------------+----------------------------+-----
Stealth        | 1 2 4 5 6 7 9 10 | 10.9
Evocations     | 1 2 3 4 5 |  5.6
Dodging        | 3 4 |  4.5
Short Blades   | 4 5 6 |  6.6
Fighting       | 4 5 |  5.1
Shapeshifting  | 1 2 |  2.8

Action                     |  1- 3 |  4- 6 |  7- 9 || total
---------------------------+-------+-------+-------++-------
  Melee: Short sword       |    71 |       |       ||    71
         Constrict         |    19 |    21 |    45 ||    85
         Tentacles         |    18 |    18 |    68 ||   104
         Dagger            |    23 |   106 |   250 ||   379
         Punch             |     1 |     2 |     3 ||     6
    Use: Scroll            |       |     1 |    11 ||    12
         Potion            |       |     1 |     1 ||     2
   Stab: Sleeping          |    15 |    18 |    28 ||    61
         Paralysed         |     1 |       |       ||     1
         Confused          |       |     3 |       ||     3
 Armour: Skin              |    31 |    33 |   106 ||   170
  Dodge: Dodged            |    48 |    48 |   115 ||   211
  Block: Kite shield       |       |       |    17 ||    17

Table legend: (Time is in decaauts)
 A = Elapsed time spent in this place.
 B = Non-inter-level travel time spent in this place.
 C = Inter-level travel time spent in this place.
 D = Time resting spent in this place.
 E = Time spent auto-exploring this place.
 F = Levels seen in this place.
 G = Mean time per level.
                   A        B        C        D        E       F      G
               +--------+--------+--------+--------+--------+-----+--------+
         Total |   9736 |   9554 |    182 |   4050 |   4090 |  10 |  973.6 |
       Dungeon |   9189 |   9007 |    182 |   4035 |   3967 |   8 | 1148.6 |
         Sewer |    185 |    185 |      0 |      0 |     14 |   1 |  185.0 |
       Ossuary |    361 |    361 |      0 |     14 |    109 |   1 |  361.0 |
               +--------+--------+--------+--------+--------+-----+--------+

Top non-repeatable levels by time:
     D:1: 4001 daAuts
     D:2: 1059 daAuts
     D:4: 1028 daAuts
     D:5: 970 daAuts
     D:6: 854 daAuts
     D:3: 667 daAuts
     D:7: 595 daAuts
 Ossuary: 361 daAuts
   Sewer: 185 daAuts
     D:8: 12 daAuts
